1779 views
Uploaded 2022-12-13 11:28:03
Game version 1.32.10
10:13 long 1on1 ladder game on (4)TwistedMeadows
Saved by DKnight
1779 views
Uploaded 2022-12-13 11:28:03
Game version 1.32.10
10:13 long 1on1 ladder game on (4)TwistedMeadows

16 units @ 2.3k
/ 0.1k
9 buildings @ 1.5k
/ 0.5k


| Lesser Clarity Potion | 1 | 70 |
| Healing Salve | 2 | 200 |
| Scroll of Speed | 1 | 50 |
| total: | 4 | 320g |
| Peon | 7 | 525 | / | 0 |
| Grunt | 7 | 1400 | / | 0 |
| Raider | 2 | 360 | / | 80 |
| total: | 16 | 2285g | / | 80w |
| Altar of Storms | 1 | 180 | / | 50 |
| Orc Burrow | 3 | 480 | / | 120 |
| Barracks | 1 | 180 | / | 50 |
| Voodoo Lounge | 1 | 130 | / | 30 |
| War Mill | 1 | 205 | / | 0 |
| Beastiary | 1 | 145 | / | 140 |
| Spirit Lodge | 1 | 150 | / | 150 |
| Stronghold | 1 | 315 | / | 190 |
| total: | 9 | 1470g | / | 540w |
| 0:17 | Peon |
| 0:17 | Peon |
| 0:17 | Peon |
| 0:21 | Altar of Storms |
| 0:29 | Orc Burrow |
| 0:52 | Barracks |
| 1:37 | Peon |
| 1:37 | Peon |
| 1:37 | Peon |
| 1:37 | Peon |
| 1:59 | Grunt |
| 2:21 | Orc Burrow |
| 2:31 | Wind Walk |
| 2:35 | Voodoo Lounge |
| 3:22 | War Mill |
| 3:25 | Stronghold |
| 3:27 | Grunt |
| 3:55 | Lesser Clarity Potion |
| 3:56 | Healing Salve |
| 5:05 | Critical Strike |
| 5:13 | Orc Burrow |
| 5:57 | Beastiary |
| 6:01 | Spirit Lodge |
| 6:13 | Grunt |
| 6:13 | Grunt |
| 6:55 | Serpent Ward |
| 7:02 | Ensnare |
| 7:56 | Berserker Strength |
| 8:13 | Raider |
| 8:13 | Raider |
| 8:15 | Grunt |
| 8:16 | Grunt |
| 8:16 | Grunt |
| 8:25 | Steel Melee Weapons |
| 8:31 | Healing Salve |
| 8:31 | Scroll of Speed |
| Right click | 510 |
| Select | 272 |
| Build/train/purchase | 39 |
| Use ability | 14 |
| Misc. action | 4 |
| Item give/drop | 1 |
17 units @ 2.5k
/ 0.3k
9 buildings @ 1.5k
/ 0.5k


| Rod of Necromancy | 2 | 300 |
| Dust of Appearance | 2 | 150 |
| total: | 4 | 450g |
| Acolyte | 3 | 225 | / | 0 |
| Ghoul | 8 | 960 | / | 0 |
| Crypt Fiend | 4 | 860 | / | 160 |
| Obsidian Statue | 1 | 200 | / | 35 |
| Abomination | 1 | 240 | / | 70 |
| total: | 17 | 2485g | / | 265w |
| Nerubian Tower | 2 | 200 | / | 40 |
| Crypt | 1 | 200 | / | 50 |
| Altar of Darkness | 1 | 180 | / | 50 |
| Ziggurat | 4 | 600 | / | 200 |
| Tomb of Relics | 1 | 130 | / | 30 |
| Graveyard | 1 | 215 | / | 0 |
| Slaughterhouse | 1 | 140 | / | 135 |
| Halls of the Dead | 2 | 640 | / | 420 |
| Black Citadel | 2 | 650 | / | 460 |
| total: | 9 | 1465g | / | 465w |
| 0:03 | Acolyte |
| 0:03 | Acolyte |
| 0:09 | Crypt |
| 0:14 | Altar of Darkness |
| 0:33 | Ziggurat |
| 0:42 | Acolyte |
| 0:58 | Tomb of Relics |
| 1:09 | Ghoul |
| 1:26 | Ghoul |
| 1:36 | Ziggurat |
| 1:55 | Ghoul |
| 2:08 | Ghoul |
| 2:23 | Rod of Necromancy |
| 2:26 | Death Coil |
| 2:32 | Nerubian Tower |
| 2:49 | Ghoul |
| 3:08 | Halls of the Dead |
| 3:26 | Graveyard |
| 3:35 | Dust of Appearance |
| 4:03 | Ghoul |
| 4:17 | Ghoul |
| 4:33 | Unholy Aura |
| 4:44 | Ziggurat |
| 4:59 | Ghoul |
| 5:51 | Crypt Fiend |
| 5:52 | Web |
| 5:58 | Ziggurat |
| 6:08 | Rod of Necromancy |
| 6:34 | Slaughterhouse |
| 6:48 | Frost Nova |
| 6:51 | Dust of Appearance |
| 7:14 | Black Citadel |
| 7:37 | Crypt Fiend |
| 7:46 | Death Coil |
| 7:51 | Obsidian Statue |
| 8:09 | Dark Ritual |
| 9:23 | Crypt Fiend |
| 9:46 | Ghoul Frenzy |
| 10:03 | Crypt Fiend |
| 10:05 | Abomination |
| Right click | 506 |
| Select group | 475 |
| Select | 175 |
| Build/train/purchase | 54 |
| Misc. action | 52 |
| Assign group | 41 |
| Use ability | 15 |
| Chat | 15 |
| Item give/drop | 1 |